AoeStats
← 啊超

Black Forest

508657136Analyzed
4v4 RM · 9d ago on Sep 23, 2026· 50m 58s· 8 players
Game mode
Random Map
Map size
Large (8 player)
Population
200
Speed
Normal
Resources
Standard
Victory
Conquest
Starting age
Dark Age
Ending age
Imperial Age
RankedLock teamsTeams togetherTeam positionsShared explorationLock speedFull tech treeHidden civsTurbo modeCheats
Victory
Defeat
🇧🇪 Danes · Belgium
1245
+12
🇳🇴 Britons · Norway
1209
+14
🇳🇴 Saxons · Norway
1150
+16
🇳🇱 Varangians · Netherlands
1139
+16
🇯🇴 Wu · Jordan
1186
-16
🇨🇳 Khmer · China
1168
-15
🇩🇪 Turks · Germany
1151
-14
🇹🇼 Huns · Taiwan
1115
-13
Sirto
11:48 Feudal Age
16:04 Castle Age
15:06 Loom
20:51 Imperial Age
19:26 Horse Collar
20:18 Double-Bit Axe
22:41 Bow Saw
25:34 Gold Mining
26:12 Padded Archer Armor
29:16 Leather Archer Armor
32:10 Ring Archer Armor
35:29 Wheelbarrow
37:23 Bloodlines
37:21 Scale Barding Armor
40:12 Husbandry
41:46 Chain Barding Armor
42:55 Artillery
43:16 Conscription
The Erion
5:47 Loom
12:45 Feudal Age
13:49 Horse Collar
16:25 Castle Age
14:35 Double-Bit Axe
21:55 Fletching
23:32 Bow Saw
25:23 Heavy Plow
26:02 Wheelbarrow
30:25 Hand Cart
30:26 Gold Mining
32:44 Scale Barding Armor
32:51 Forging
32:29 Town Watch
33:12 Husbandry
33:25 Bloodlines
36:07 Imperial Age
35:07 Chain Barding Armor
35:44 Iron Casting
36:28 Stone Mining
37:16 Gold Shaft Mining
36:28 Cavalier
37:59 Conscription
38:20 Paladin
40:09 Conscription
46:08 Plate Barding Armor
46:49 Caravan
47:20 Coinage
49:11 Banking
48:52 Guilds
Prince Of The Darkness
1:59 Loom
15:18 Feudal Age
19:19 Castle Age
17:31 Double-Bit Axe
18:37 Horse Collar
18:52 Stone Mining
21:23 Bow Saw
24:25 Scale Mail Armor
24:36 Forging
24:54 Fletching
25:52 Wheelbarrow
27:01 Chain Mail Armor
26:42 Bodkin Arrow
27:48 Red Cliffs Tactics
28:45 Squires
28:53 Arson
29:41 Forging
29:09 Pikeman
30:34 Husbandry
32:03 Scale Barding Armor
32:10 Gold Mining
32:37 Heavy Plow
33:17 Bloodlines
36:03 Chain Barding Armor
37:12 Hand Cart
40:49 Imperial Age
39:13 Iron Casting
39:59 Padded Archer Armor
40:19 Elite Skirmisher
42:14 Masonry
43:07 Ballistics
42:44 Murder Holes
43:40 Halberdier
45:26 Plate Mail Armor
51:08 Chemistry
50:46 Crossbowman
啊超
0:27 Loom
13:28 Feudal Age
31:04 Castle Age
31:21 Horse Collar
44:36 Imperial Age
44:23 Gold Mining
44:59 Ballistics
44:50 Fortified Wall
44:30 Double-Bit Axe
46:20 Husbandry
46:32 Bloodlines
46:58 Conscription
47:14 Forging
47:10 Scale Barding Armor
51:31 Chemistry
50:49 Double Crossbow
Klovner i Kamp
1:12 Loom
16:52 Feudal Age
17:52 Horse Collar
18:01 Double-Bit Axe
21:38 Castle Age
19:22 Horse Collar
22:45 Bow Saw
26:29 Gold Mining
26:47 Elite Skirmisher
30:27 Fletching
33:50 Heavy Plow
36:02 Bodkin Arrow
38:01 Wheelbarrow
40:13 Hand Cart
40:53 Gold Shaft Mining
40:39 Town Watch
41:36 Stone Mining
42:53 Padded Archer Armor
43:07 Forging
44:08 Scale Mail Armor
47:51 Imperial Age
46:08 Iron Casting
45:49 Chain Mail Armor
46:09 Arson
48:54 Caravan
50:03 Town Watch
52:02 Two-Man Saw
51:51 Crop Rotation
Dr_Known
0:38 Loom
11:38 Feudal Age
11:43 Man-at-Arms
13:09 Double-Bit Axe
14:43 Arson
20:23 Wheelbarrow
23:34 Castle Age
21:20 Horse Collar
23:17 Scale Mail Armor
23:29 Forging
29:40 Long Swordsman
30:49 Squires
32:26 Town Watch
32:53 Fletching
33:04 Padded Archer Armor
33:17 Bow Saw
33:10 Heavy Plow
37:38 Imperial Age
35:21 Masonry
35:30 Thumb Ring
35:13 Elite Skirmisher
36:26 Caravan
36:36 Bodkin Arrow
37:09 Leather Archer Armor
38:20 Bracer
39:06 Conscription
38:30 Onager
39:55 Hand Cart
40:24 Hoardings
40:22 Ring Archer Armor
39:45 Gambesons
41:41 Chain Mail Armor
42:01 Iron Casting
42:04 Elite Jomsviking
47:46 Hamask
49:30 Siege Engineers
50:26 Chemistry
50:33 Plate Mail Armor
51:04 Blast Furnace
Atlicious
10:32 Feudal Age
15:59 Castle Age
14:14 Double-Bit Axe
14:12 Horse Collar
17:31 Bow Saw
17:23 Heavy Plow
18:03 Wheelbarrow
23:35 Fletching
25:01 Bodkin Arrow
24:38 Crossbowman
25:55 Padded Archer Armor
30:29 Ballistics
35:54 Imperial Age
33:38 Loom
34:09 Hand Cart
33:39 Town Watch
35:14 Leather Archer Armor
36:35 Bracer
35:58 Arbalester
37:43 Chemistry
37:15 Ring Archer Armor
39:20 Yeomen
39:01 Warwolf
42:41 Coinage
Medina90
10:10 Feudal Age
13:52 Castle Age
12:19 Double-Bit Axe
19:38 Bloodlines
24:28 Wheelbarrow
23:40 Loom
23:41 Town Watch
26:35 Husbandry
27:17 Hand Cart
27:18 Scale Barding Armor
27:49 Forging
29:07 Chain Barding Armor
29:51 Horse Collar
29:59 Double-Bit Axe
33:11 Iron Casting
33:43 Heavy Plow
33:55 Bow Saw
38:06 Imperial Age
35:37 Gold Mining
35:37 Stone Mining
38:34 Cavalier
40:16 Plate Barding Armor
40:42 Blast Furnace
41:42 Blast Furnace
41:40 Vendel Legacy
42:44 Conscription
47:16 Caravan
Connection lost

Rejoining the realm…

Still unreachable

The connection could not be restored.

Session expired

The server has moved on; the page needs a fresh start.